 Dungeon Crawl Stone Soup version 0.27.0-1-g7a089689b8 (webtiles) character file.

Game seed: 9617964122901747447

21 spiderkeys the Sneak (level 2, -1/13 HPs)
             Began as a Vine Stalker Enchanter on Aug 6, 2021.
             Slain by a kobold (4 damage)
             ... on level 1 of the Dungeon.
             The game lasted 00:01:22 (993 turns).

spiderkeys the Sneak (Vine Stalker Enchanter)        Turns: 993, Time: 00:01:22

Health: -1/13      AC:  2    Str: 10    XL:     2   Next: 87%
Magic:  0/6        EV: 12    Int: 15    God:
Gold:   20         SH:  0    Dex: 14    Spells: 2/5 levels left

rFire    . . .     SeeInvis .   a - +1 dagger
rCold    . . .     Faith    .   (no shield)
rNeg     . . .     Spirit   +   b - +0 robe
rPois    .         Reflect  .   (no helmet)
rElec    .         Harm     .   (no cloak)
rCorr    .         Rampage  .   (no gloves)
Will     .....                  (no boots)
Stlth    +++.......             (no amulet)
HPRegen  0.04/turn              (no ring)
MPRegen  0.10/turn              (no ring)

@: no status effects
A: fangs 2, magic shield, antimagic bite, no potion heal 2
a: no special abilities


You were on level 1 of the Dungeon.
You visited 1 branch of the dungeon, and saw 1 of its levels.

You collected 20 gold pieces.


Innate Abilities, Weirdness & Mutations

You have extremely sharp teeth.
When hurt, damage is shared between your health and your magic reserves.
Your bite disrupts and absorbs the magic of your enemies.
Potions cannot restore your health.


   Skills:
 + Level 1.2 Short Blades
 + Level 1.8 Dodging
 + Level 3.9 Stealth
 + Level 2.4 Spellcasting
 + Level 3.2 Hexes


You had 2 spell levels left.
You knew the following spells:

 Your Spells              Type           Power      Damage    Failure   Level
c - Corona                Hex            12%        N/A       5%          1
e - Ensorcelled Hibernat  Hex/Ice        12%        N/A       17%         2

Your spell library contained the following spells:

 Spells                   Type           Power      Damage    Failure   Level
 Confusing Touch          Hex            11%        N/A       17%         3
 Tukima's Dance           Hex            11%        N/A       17%         3
 Dazzling Flash           Conj/Hex       12%        N/A       32%         3

Inventory:

Hand Weapons
 a - a +1 dagger (weapon)
Missiles
 c - 17 poisoned darts
 f - 13 stones
Armour
 b - a +0 robe (worn)
Scrolls
 h - a scroll of amnesia {unknown}
 i - a scroll of identify {unknown}
Potions
 d - a potion of ambrosia {unknown}
 e - a potion of brilliance {unknown}
 g - a potion of invisibility {unknown}

Dungeon Overview and Level Annotations

Branches:
Dungeon (1/15)

Altars:

#.# #.# #.# #.# #.#
#.# #.# #.## #.. ...
### ..# ##. .##....
##K...# ###@J.#
###...w#...ā‰ˆP
###...##.# .lā‰ˆ
##########...####.#
.
...................P
...........#######..
####...##### ..
#..### ..ā‰ˆ #.##


You could see a dart slug, an endoplasm, a kobold and a frilled lizard.


Message History

You hit the quokka.
You kill the quokka!
Key pressed, stopping explore.
Key pressed, stopping explore.
Things that are here:
a quokka corpse; a ball python corpse; a frilled lizard corpse šŸ˜Ž HP[+6] MP[+3]
Your hp is fully restored (13).
Your mp is fully restored (6).
You see here a hobgoblin corpse.
You enter the shallow water.
Moving in this stuff is going to be slow.
A ball python and an endoplasm come into view.
The endoplasm quivers.
There are monsters nearby!
There are monsters nearby!
You enter the shallow water.
Moving in this stuff is going to be slow.
You hit the endoplasm.
The endoplasm hits you but does no damage.
You hit the endoplasm.
The ball python hisses angrily.
The endoplasm freezes you.
You are frozen. šŸ˜Ž MP[-1]
You lost 1 mp, and now have 5/6 mp.
You hit the endoplasm but do no damage. The endoplasm barely misses you.
You hit the endoplasm.
You kill the endoplasm!
You closely miss the ball python.
You bite the ball python, but do no damage.
The ball python bites you but does no damage.
The ball python misses you.
You hit the ball python. The ball python closely misses you.
The ball python barely misses you.
Your unstable footing causes you to fumble your attack.
The ball python barely misses you. The ball python grabs you.
The ball python constricts you. šŸ˜• HP[-1]
You take 1 damage, and now have 12/13 hp.
Your unstable footing causes you to fumble your attack.
The ball python barely misses you. The ball python constricts you.
You hit the ball python.
You kill the ball python!
No target in view! šŸ˜Ž HP[+1]
Your hp is fully restored (13).
No target in view!
No target in view!
No target in view!
Key pressed, stopping explore.
i - a scroll labelled HUUSAOZ IWUMAV šŸ˜Ž MP[+1]
Your mp is fully restored (6).
The kobold shouts!
A kobold is nearby!
A kobold is nearby!
A kobold is nearby!
The kobold throws a stone.
The stone barely misses you.
A frilled lizard and a dart slug come into view.
An endoplasm comes into view.
You hit the kobold. You hit the kobold but do no damage.
Your bite misses the kobold. The kobold hits you with a +0 whip.
Something bites the plant.
The plant begins to die. šŸ˜• HP[-1]
You take 1 damage, and now have 12/13 hp.
You hit the kobold.
The kobold hits you with a +0 whip. šŸ˜• MP[-1]
You lost 1 mp, and now have 5/6 mp.
You hit the kobold but do no damage.
The kobold completely misses you. šŸ˜Ž HP[+1]
Your hp is fully restored (13).
You hit the kobold but do no damage.
A nearby plant withers and dies.
The kobold barely misses you.
You hit the kobold but do no damage. The kobold closely misses you.
The endoplasm hits you but does no damage.
You barely miss the kobold. You bite the kobold, but do no damage.
The kobold closely misses you. The endoplasm freezes you.
You are frozen. šŸ˜• HP[-1] MP[-1]
You take 1 damage, and now have 12/13 hp.
You lost 1 mp, and now have 4/6 mp.
You hit the kobold but do no damage. The kobold hits you with a +0 whip.
The endoplasm hits you.
You are too injured to fight recklessly! šŸ˜® HP[-4] MP[-1]
You take 4 damage, and now have 8/13 hp.
MASSIVE DAMAGE!! (PAUSE)
You lost 1 mp, and now have 3/6 mp.
You hit the kobold but do no damage.
The frilled lizard hisses angrily.
The kobold closely misses you. The endoplasm hits you.
You hit the kobold but do no damage. Your bite misses the kobold.
The dart slug launches a dart at you. The slug dart hits you.
* * * LOW HITPOINT WARNING * * *
The kobold hits you with a +0 whip.
You die...

Skill      XL: |  1 |
---------------+----+-----
Short Blades   | 1 |  1.2
Dodging        | |  1.8
Stealth        | |  3.9
Spellcasting   | |  2.4
Hexes          | |  3.2

Action                   || total
-------------------------++-------
Melee: Dagger            ||    78
       Bite              ||     9
 Stab: Sleeping          ||     4
Armor: Robe              ||    22
Dodge: Dodged            ||    51

Levels and vault maps discovered:
D:1:      dpeg_arrival_stone_temple_mockup, layout_loops_ring, serial_bayou,
          serial_bayou_pond_b, serial_bayou_shore_a, serial_bayou_pond_b,
          serial_bayou_pond_c

Notes
Turn   | Place    | Note
-------+----------+-------------------------------------------
     0 | D:1      | spiderkeys the Vine Stalker Enchanter began the quest for
                  | the Orb.
     0 | D:1      | Reached XP level 1. HP: 9/9 MP: 4/4
     0 | D:1      | magus.rc [v1.9.10]
    49 | D:1      | Reached skill level 1 in Short Blades
   171 | D:1      | Reached XP level 2. HP: 7/13 MP: 6/6
   332 | D:1      | Learned a level 2 spell: Ensorcelled Hibernation
   993 | D:1      | HP: 3/13 [dart slug/slug dart (5)]
   993 | D:1      | Slain by a kobold

Vanquished Creatures
  2 endoplasms (D:1)
  2 giant cockroaches (D:1)
  A goblin (D:1)
  A hobgoblin (D:1)
  2 quokkas (D:1)
  5 ball pythons (D:1)
  4 bats (D:1)
  A frilled lizard (D:1)
  A kobold (D:1)
  A rat (D:1)
20 creatures vanquished.

Vanquished Creatures (others)
  6 plants (D:1)
6 creatures vanquished.

Grand Total: 26 creatures vanquished

Table legend:
 A = Non-vault XP
 B = Vault XP
 C = Vault XP percentage of total XP
 D = Non-vault monster count
 E = Vault monster count
 F = Vault count percentage of total count
                 A         B        C        D         E       F
            +---------+---------+-------+---------+---------+-------
      Total |      27 |       4 |  12.9 |      17 |       3 |  15.0
            +---------+---------+-------+---------+---------+-------
        D:1 |      27 |       4 |  12.9 |      17 |       3 |  15.0
            +---------+---------+-------+---------+---------+-------

Illustrated notes

Table legend:
 A = Kills in this place as a percentage of kills in entire the game.
 B = Kills by you in this place as a percentage of kills by you in the entire game.
 C = Kills by friends in this place as a percentage of kills by friends in the entire game.
 D = Other kills in this place as a percentage of other kills in the entire game.
 E = Experience gained in this place as a percentage of experience gained in the entire game.
 F = Experience gained in this place divided by the number of levels of this place that you have seen.
                   A       B       C       D       E      F
               +-------+-------+-------+-------+-------+----------------------
         Total | 100.0 | 100.0 |   N/A |   N/A | 100.0 |  31.0
       Dungeon | 100.0 | 100.0 |   N/A |   N/A | 100.0 |  31.0
               +-------+-------+-------+-------+-------+----------------------

Table legend: (Time is in decaauts)
 A = Elapsed time spent in this place.
 B = Non-inter-level travel time spent in this place.
 C = Inter-level travel time spent in this place.
 D = Time resting spent in this place.
 E = Time spent auto-exploring this place.
 F = Levels seen in this place.
 G = Mean time per level.
                   A        B        C        D        E       F      G
               +--------+--------+--------+--------+--------+-----+--------+
         Total |    991 |    991 |      0 |      0 |    824 |   1 |  991.0 |
       Dungeon |    991 |    991 |      0 |      0 |    824 |   1 |  991.0 |
               +--------+--------+--------+--------+--------+-----+--------+

Top non-repeatable levels by time:
     D:1: 991 daAuts
